 Dungeon Crawl Stone Soup version 0.31-a0-524-g2a164cf6a2 (webtiles) character file.

Game seed: 5095714596774014748

10488 AdnanSaban the Basher (level 11, -2/69 HPs)
             Began as a Gargoyle Fighter on Aug 12, 2023.
             Was a Priest of Okawaru.
             Killed from afar by a manticore (shapeshifter) (9 damage)
             ... with a volley of spikes
             ... on level 9 of the Dungeon.
             The game lasted 00:13:09 (8851 turns).

AdnanSaban the Basher (Gargoyle Fighter)            Turns: 8851, Time: 00:13:17

Health: -2/69      AC: 29    Str: 23    XL:     11   Next: 62%
Magic:  11/11      EV:  9    Int: 10    God:    Okawaru [***...]
Gold:   649        SH: 10    Dex: 13    Spells: 10/10 levels left

rFire   . . .        E - +2 demon whip (drain)
rCold   + . .        R - +0 kite shield
rNeg    + + +        Q - +3 chain mail "Vuirirch" {Slay+3}
rPois   ∞            m - +0 helmet
rElec   +            B - +1 cloak
rCorr   +            O - +1 pair of gloves "Netojus" {+Blink rC+ rN+ rCorr Dex-2}
SInv    +            s - +0 pair of boots
Will    +....        P - macabre finger necklace {Finger+ rN+} Stlth
                     A - +6 ring of dexterity
HPRegen 0.31/turn    y - ring of willpower
MPRegen 0.12/turn    J - ring of see invisible

%: no passive effects
@: spiked, invisible
A: sickness immunity, AC +8, negative energy resistance 1, electricity
resistance, torment resistance 1, petrification resistance
a: Renounce Religion, Evoke Blink, Heroism


You were on level 9 of the Dungeon.
You worshipped Okawaru.
Okawaru was most pleased with you.
You visited 2 branches of the dungeon, and saw 10 of its levels.

You collected 649 gold pieces.

Inventory:

Hand Weapons
 r - a +3 whip of electrocution
 E - a +2 demon whip of draining (weapon)
Missiles
 h - 14 poisoned darts
 F - 3 silver javelins
 I - 2 throwing nets (quivered)
 V - 2 boomerangs
Armour
 m - a +0 helmet (worn)
 s - a +0 pair of boots (worn)
 B - a +1 cloak (worn)
 O - the +1 pair of gloves "Netojus" (worn) {+Blink rC+ rN+ rCorr Dex-2}
   (You found it on level 7 of the Dungeon)

   Dex-2:     It affects your dexterity (-2).
   rC+:       It protects you from cold.
   rN+:       It protects you from negative energy.
   +Blink:    It lets you blink.
   rCorr:     It protects you from acid and corrosion.
 Q - the +3 chain mail "Vuirirch" (worn) {Slay+3}
   (You took it off a gnoll sergeant on level 6 of the Dungeon)

   Slay+3:    It affects your accuracy & damage with ranged weapons and melee
   (+3).
 R - a +0 kite shield (worn)
Jewellery
 y - a ring of willpower (right hand)
 z - an amulet of the acrobat
 A - a +6 ring of dexterity (left hand)
 J - a ring of see invisible (on amulet)
 P - the macabre finger necklace (around neck) {Finger+ rN+}
   (You took it off a gnoll sergeant on level 6 of the Dungeon)

   [amulet of nothing]

   Finger+:   It enables you to equip an extra ring.
   rN+:       It protects you from negative energy.
Wands
 a - a wand of flame (47)
 c - a wand of acid (4)
 M - a wand of charming (11)
 S - a wand of iceblast (7)
 T - a wand of polymorph (7)
Scrolls
 b - a scroll of silence {unknown}
 i - 2 scrolls of noise {unknown}
 j - 10 scrolls of identify {unknown}
 l - 7 scrolls of teleportation {unknown}
 n - 4 scrolls of enchant armour {unknown}
 o - 4 scrolls of fog {unknown}
 p - 5 scrolls of poison {unknown}
 q - 3 scrolls of fear {unknown}
 t - a scroll of blinking {unknown}
 u - 2 scrolls of revelation {unknown}
 w - a scroll of amnesia {unknown}
 H - a scroll of butterflies {unknown}
 K - 3 scrolls of vulnerability {unknown}
Potions
 d - 2 potions of might
 e - 2 potions of haste {unknown}
 f - 2 potions of heal wounds {unknown}
 g - 4 potions of curing {unknown}
 k - 2 potions of ambrosia {unknown}
 v - 3 potions of attraction {unknown}
 x - 3 potions of mutation {unknown}
 C - a potion of berserk rage {unknown}
 D - a potion of lignification {unknown}
 G - 5 potions of invisibility
 L - a potion of resistance {unknown}
 N - a potion of degeneration {unknown}


   Skills:
 + Level 8.4 Fighting
 + Level 12.0 Maces & Flails
 + Level 0.8 Throwing
 + Level 8.5 Armour
 + Level 5.1 Dodging
 + Level 2.0 Stealth
 + Level 7.9 Shields


You had 10 spell levels left.
You didn't know any spells.
Your spell library contained the following spells:

 Spells                   Type           Power      Damage    Failure   Level
 Magic Dart               Conj           0%         1d3       98%         1
 Sandblast                Erth           0%         2d4       98%         1
 Passwall                 Tmut/Erth      0%         N/A       99%         2
 Scorch                   Fire           0%         2d5       99%         2
 Searing Ray              Conj           0%         2d4       99%         2
 Wereblood                Tmut           0%         N/A       99%         2
 Stone Arrow              Conj/Erth      0%         3d7       100%        3
 Dispel Undead            Necr           0%         3d6       100%        4
 Flame Wave               Conj/Fire      0%         2d4       100%        4
 Arcjolt                  Conj/Air       0%         1d10      100%        5
 Leda's Unmaking          Conj/Erth      0%         9d1       100%        6
 Orb of Destruction       Conj           0%         9d5       100%        7
 Lehudib's Crystal Spear  Conj/Erth      0%         10d2      100%        8
 Cigotuvi's Dreadful Rot  Necr/Pois/Air  Unusable   N/A       N/A         2
 Sublimation of Blood     Necr           Unusable   N/A       N/A         2
 Summon Guardian Golem    Hex/Summ       Unusable   N/A       N/A         3
 Summon Forest            Summ/Tloc      Unusable   N/A       N/A         5
 Death Channel            Necr           Unusable   N/A       N/A         6
 Summon Cactus Giant      Summ           Unusable   N/A       N/A         6
 Malign Gateway           Summ/Tloc      Unusable   N/A       N/A         7
 Spellforged Servitor     Conj/Summ      Unusable   N/A       N/A         7
 Summon Hydra             Summ           Unusable   N/A       N/A         7

Dungeon Overview and Level Annotations

Branches:
Dungeon (9/15)             Temple (1/1) D:5
   Lair: D:8-11         Orc: D:9-12

Altars:
Ashenzari
Cheibriados
Dithmenos
Elyvilon
Fedhas
Gozag
Hepliaklqana
Makhleb
Nemelex Xobeh
Okawaru
Qazlal
Ru
Sif Muna
Trog
Uskayaw
Vehumet
Wu Jian
Xom
Yredelemnul
Zin
The Shining One

Shops:
D:6 =*=

Annotations:
D:3 1 runed translucent door, Crazy Yiuf
D:4 2 runed translucent doors


Innate Abilities, Weirdness & Mutations

You are immune to sickness and miasma.
Your stone body is resilient. (AC +8)
You are immune to poison.
You resist negative energy. (rN+)
You are resistant to electric shocks. (rElec)
You are resistant to unholy torment.
You are immune to petrification.


Message History

The boulder beetle curls into a ball and begins rolling!
You barely miss the two-headed ogre.
The two-headed ogre is almost dead.
The manticore flicks its tail.
The volley of spikes hits you!
The barbed spikes become lodged in your body.
* * * LOW HITPOINT WARNING * * *
The manticore struggles against the net.
The boulder beetle stops rolling and uncurls.
The two-headed ogre closely misses you. The two-headed ogre barely misses you.
You whack the two-headed ogre!
You kill the two-headed ogre!
Okawaru is honoured by your kill.
Okawaru will now gift you throwing weapons as you gain piety.
The orc wizard gestures wildly while chanting.
The orc wizard flickers and vanishes for a moment.
The deep elf pyromancer mumbles some strange words.
The deep elf pyromancer blinks!
Your Maces & Flails skill increases to level 12!
The boulder beetle curls into a ball and begins rolling!
The manticore flicks its tail.
The volley of spikes hits you.
The barbed spikes become lodged in your body.
* * * LOW HITPOINT WARNING * * *
The manticore struggles against the net.
You miss the fire elemental. You block the fire elemental's attack.
The boulder beetle stops rolling and uncurls.
You thrash the fire elemental!!
The fire elemental is almost destroyed.
The fire elemental hits you.
You hit the fire elemental.
The fire elemental is almost destroyed.
The boulder beetle leaps!
It was a potion of invisibility.
You fade into invisibility!
The fire elemental hits you.
The manticore flicks its tail.
The volley of spikes hits you!
The barbed spikes become lodged in your body.
You die...

#...... .......o##....
#..... ##......oy##....
#......##...:##.!##....
####.......######..###....
#.B....##...####...##..###
#.....°###(.....o$###.##
#.....oB####(..$####..#
#..e○oEHE##########..##
#....○##!@.######.....#
#..... ###............#
#..O.. ###..)....[..#
#..... #..........# #.....
#..........# #.....
#..........#### ......
.................
###########.......
#.......


You could see 2 boulder beetles, a manticore shaped shifter (caught), a deep elf
pyromancer (unable to see you), 2 fire elementals, an orc warrior (unable to see
you) and an orc wizard (invisible, unable to see you).

Vanquished Creatures
  A two-headed ogre (D:9)
  A death yak (D:8)
  The ghost of blacky4 the Trooper, a novice DsGl of Gozag (D:7)
  2 deep elf pyromancers (D:7)
  Maurice (D:8)
  A cyclops (D:7)
  Psyche (D:8)
  A troll (D:7)
  A polar bear (D:9)
  Prince Ribbit (D:6)
  2 hornets
  A wraith (D:7)
  A shadow (D:7)
  A vampire (D:7)
  A yak (D:9)
  2 steam dragons
  A vampire mosquito (D:7)
  An acid dragon (D:7)
  5 water moccasins
  2 sky beasts
  2 black bears
  3 ogres
  6 ice beasts
  A wolf (D:9)
  A centaur (D:9)
  2 phantoms
  2 kobold brigands
  A bullfrog (D:6)
  A gnoll sergeant (D:6)
  3 scorpions
  2 wyvern zombies (D:5)
  12 wights
  8 killer bees
  5 howler monkeys
  3 jellies
  A bullfrog zombie (D:5)
  A centaur zombie (D:5)
  3 hounds
  2 gnoll boudas
  3 orc priests
  A bullfrog skeleton (D:5)
  A sleepcap (D:8)
  5 iguanas (D:6)
  Ijyb (D:3)
  6 orc wizards
  2 scorpion zombies (D:5)
  Robin (D:2)
  11 gnolls
  3 adders
  A shadow imp (D:5)
  11 white imps
  5 ufetubi
  An adder zombie (D:5)
  2 worms
  17 dart slugs
  31 orcs
  5 endoplasms
  A giant cockroach (D:2)
  10 hobgoblins
  3 jackals (D:1)
  14 kobolds
  3 quokkas
  6 ball pythons
  7 bats
  3 frilled lizards
  17 goblins
  7 rats
265 creatures vanquished.

Vanquished Creatures (others)
  A bullfrog (D:7)
1 creature vanquished.

Grand Total: 266 creatures vanquished

Notes
Turn   | Place    | Note
-------+----------+-------------------------------------------
     0 | D:1      | AdnanSaban the Gargoyle Fighter began the quest for the
                  | Orb.
     0 | D:1      | Reached XP level 1. HP: 14/14 MP: 1/1
   168 | D:1      | Reached XP level 2. HP: 13/19 MP: 2/2
   222 | D:1      | Got the Opusculum on Metal
   229 | D:1      | Found a faded altar of an unknown god.
   538 | D:1      | Reached XP level 3. HP: 21/23 MP: 3/3
   770 | D:2      | Noticed Robin
   983 | D:2      | Killed Robin
   984 | D:2      | Reached XP level 4. HP: 29/29 MP: 4/4
  1202 | D:2      | Got the Tractate on Assaults
  1915 | D:2      | Reached skill level 3 in Maces & Flails
  1964 | D:2      | Reached XP level 5. HP: 16/33 MP: 5/5
  2084 | D:3      | Found a shadowy altar of Dithmenos.
  2109 | D:3      | Noticed Ijyb
  2122 | D:3      | Killed Ijyb
  2262 | D:3      | Found a snail-covered altar of Cheibriados.
  2509 | D:3      | Found a runed translucent door.
  2510 | D:3      | Noticed Crazy Yiuf
  2724 | D:4      | Noticed a black bear
  2731 | D:4      | Killed a black bear
  2732 | D:4      | Reached skill level 4 in Maces & Flails
  2732 | D:4      | Reached XP level 6. HP: 29/38 MP: 6/6
  2935 | D:4      | Reached skill level 1 in Dodging
  3168 | D:4      | Found a large runed translucent door.
  3168 | D:4      | Found a large runed translucent door.
  3213 | D:4      | Reached XP level 7. HP: 44/44 MP: 7/7
  3248 | D:4      | Found a large runed translucent door.
  3248 | D:4      | Found a large runed translucent door.
  3285 | D:4      | Reached skill level 1 in Stealth
  3321 | D:4      | Reached skill level 5 in Maces & Flails
  3321 | D:4      | Reached skill level 5 in Armour
  3646 | D:5      | Entered Level 5 of the Dungeon
  3731 | D:5      | Reached XP level 8. HP: 48/48 MP: 8/8
  3761 | D:5      | Found a staircase to the Ecumenical Temple.
  3809 | D:5      | Reached skill level 6 in Maces & Flails
  3813 | Temple   | Entered the Ecumenical Temple
  4434 | D:5      | Found a broken altar of Ashenzari.
  4443 | D:5      | Reached skill level 5 in Fighting
  4569 | D:5      | Reached skill level 5 in Shields
  4719 | D:5      | Found a sacrificial altar of Ru.
  4965 | D:6      | Noticed Prince Ribbit
  4980 | D:6      | Killed Prince Ribbit
  4981 | D:6      | Reached skill level 7 in Maces & Flails
  5167 | D:6      | Reached XP level 9. HP: 54/54 MP: 9/9
  5245 | D:6      | Found Impuphot's Jewellery Boutique.
  5294 | D:6      | Found Gofeaq's General Store.
  5344 | D:6      | Identified the +0 scale mail of the Caustic Echidna
                  | {*Corrode rF++}
  5425 | D:6      | Found Nuolurpho's Jewellery Shoppe.
  5808 | D:6      | Found an ornate altar of the Wu Jian Council.
  5871 | D:7      | Reached skill level 8 in Maces & Flails
  5902 | D:7      | Noticed a hornet
  5910 | D:7      | Killed a hornet
  5950 | D:7      | Reached skill level 9 in Maces & Flails
  6161 | D:7      | Reached XP level 10. HP: 58/61 MP: 10/10
  6363 | D:7      | Noticed blacky4's ghost (novice DsGl)
  6367 | D:7      | Found a runed translucent door.
  6497 | D:7      | Noticed a deep elf pyromancer
  6508 | D:7      | Killed a deep elf pyromancer
  6509 | D:7      | Reached skill level 10 in Maces & Flails
  6612 | D:7      | Found an opulent altar of Gozag.
  6613 | D:7      | Found a hide-covered altar of Uskayaw.
  6613 | D:7      | Found a white marble altar of Elyvilon.
  6613 | D:7      | Found a sparkling altar of Nemelex Xobeh.
  6853 | D:7      | Noticed a cyclops
  6863 | D:7      | Killed a cyclops
  6909 | D:7      | Identified the +1 pair of gloves "Netojus" {+Blink rC+ rN+
                  | rCorr Dex-2}
  6916 | D:7      | Got the Grimoire of the Lethal Excursion
  6950 | D:7      | Noticed a deep elf pyromancer
  6950 | D:7      | Noticed a cyclops
  6979 | D:7      | Killed a deep elf pyromancer
  6981 | D:7      | Identified the +3 chain mail "Vuirirch" {Slay+3}
  7214 | D:7      | Found a glowing silver altar of Zin.
  7218 | D:7      | Found a hide-covered altar of Uskayaw.
  7221 | D:7      | Found a blossoming altar of Fedhas.
  7221 | D:7      | Found an opulent altar of Gozag.
  7222 | D:7      | Found an iron altar of Okawaru.
  7222 | D:7      | Found a radiant altar of Vehumet.
  7223 | D:7      | Found a shimmering blue altar of Sif Muna.
  7269 | D:7      | Became a worshipper of Warmaster Okawaru
  7382 | D:7      | Killed blacky4's ghost
  7383 | D:7      | Reached XP level 11. HP: 58/68 MP: 11/11
  7461 | D:8      | Noticed Maurice
  7473 | D:8      | Killed Maurice
  7474 | D:8      | Reached skill level 11 in Maces & Flails
  7803 | D:8      | Reached * piety under Okawaru
  8119 | D:9      | Noticed Psyche
  8127 | D:8      | Killed Psyche
  8176 | D:9      | Noticed a death yak
  8201 | D:8      | Killed a death yak
  8297 | D:9      | Reached skill level 5 in Dodging
  8357 | D:9      | Reached ** piety under Okawaru
  8703 | D:9      | Noticed a deep elf pyromancer
  8713 | D:9      | Noticed a boulder beetle
  8721 | D:9      | Noticed a boulder beetle
  8826 | D:9      | Noticed a two-headed ogre
  8829 | D:9      | a redback changed into a manticore
  8829 | D:9      | Noticed a manticore (shapeshifter)
  8846 | D:9      | Killed a two-headed ogre
  8846 | D:9      | Reached *** piety under Okawaru
  8847 | D:9      | Reached skill level 12 in Maces & Flails
  8851 | D:9      | Killed from afar by a manticore (shapeshifter)

Illustrated notes

Levels and vault maps discovered:
D:1:      evilmike_arrival_plus, layout_loops_cross,
          chequers_ecumenical_altar_simple
D:2:      layout_basic, uniq_robin
D:3:      layout_basic, cheibriados_altar_1, nicolae_dithmenos_shadow_blocks,
          grunt_ministairs_9, hangedman_abyss_or_decor_stabs,
          uniq_crazy_yiuf_cottage, uniq_ijyb
D:4:      kennysheep_slugbush, layout_gridville, minmay_hollow_rounded_squares
D:5:      layout_loops_corners, mainiacjoe_overflow_small_starburst,
          nicolae_ru_path_of_blood, minmay_temple_entry_arrows, serial_undead,
          serial_undead_d, serial_undead_c, serial_undead_a, serial_undead_c,
          serial_park_tiny_pond, minmay_misc_feat_tower, st_stairs_3,
          nicolae_kite_square_tiling_tiny, chequers_serial_rivers_large_b
D:6:      layout_loops_corners, general_overflow_altar, serial_shops,
          nicolae_shop_statue_plus, kennysheep_little_box, shop,
          serial_aquarium, aquarium_bridge_square [aquarium_subvault_wall,
          aquarium_subvault_wall, aquarium_subvault_wall,
          aquarium_subvault_bridge], aquarium_window_fake, aquarium_window_1,
          aquarium_view_2d, aquarium_view_2c, aquarium_pool_1,
          uniq_prince_ribbit1
D:7:      minmay_the_grid_octo_tiled_octocenter [minmay_the_grid_octo_clover,
          minmay_the_grid_octo_teeth, minmay_the_grid_octo_thin_diamonds,
          minmay_the_grid_octo_shrine, minmay_the_grid_octo_prize_single_spiral,
          minmay_the_grid_square_5x5_fancy_junction,
          minmay_the_grid_square_5x5_almost_minimal,
          minmay_the_grid_square_5x5_fat_x,
          minmay_the_grid_square_5x5_tetrominoes], layout_cave_pools,
          grunt_temple_overflow_open, gammafunk_ghost_grave
D:8:      layout_basic, uniq_maurice
D:9:      layout_irregular_city, mainiacjoe_overflow_alcove_4, serial_ice,
          serial_ice_c, serial_ice_o, serial_ice_g, serial_ice_f, serial_ice_l,
          serial_ice_b, serial_ice_a, minmay_mirror_moons_of_madness,
          uniq_psyche
Temple:   jpeg_temple_island

Skill      XL: |  1  2  3  4  5  6  7  8  9 10 11 |
---------------+----------------------------------+-----
Armour         | 4 5 6 7 8 |  8.5
Maces & Flails | 3 4 5 7 9 10 12 | 12.0
Fighting       | 4 5 6 8 |  8.4
Dodging        | 1 2 3 4 5 |  5.1
Shields        | 4 5 6 7 |  7.9
Stealth        | 1 2 |  2.0
Throwing       | |  0.8

Action                     |  1- 3 |  4- 6 |  7- 9 | 10-12 || total
---------------------------+-------+-------+-------+-------++-------
  Melee: Flail             |   113 |    81 |       |       ||   194
         Whip              |       |   100 |   142 |       ||   242
         Demon whip        |       |       |   200 |   373 ||   573
  Throw: Dart              |       |       |       |     9 ||     9
         Throwing net      |       |       |       |     1 ||     1
    Use: Potion            |       |       |       |     1 ||     1
 Armour: Scale mail        |    90 |   117 |   110 |    65 ||   382
         Chain mail        |       |       |       |    72 ||    72
  Dodge: Dodged            |    80 |   103 |   149 |   125 ||   457
  Block: Buckler           |    38 |    41 |    74 |    24 ||   177
         Kite shield       |       |       |       |    64 ||    64

Table legend: (Time is in decaauts)
 A = Elapsed time spent in this place.
 B = Non-inter-level travel time spent in this place.
 C = Inter-level travel time spent in this place.
 D = Time resting spent in this place.
 E = Time spent auto-exploring this place.
 F = Levels seen in this place.
 G = Mean time per level.
                   A        B        C        D        E       F      G
               +--------+--------+--------+--------+--------+-----+--------+
         Total |   8749 |   8368 |    381 |    496 |   5920 |  10 |  874.9 |
       Dungeon |   8747 |   8366 |    381 |    496 |   5920 |   9 |  971.9 |
        Temple |      1 |      1 |      0 |      0 |      0 |   1 |    1.0 |
               +--------+--------+--------+--------+--------+-----+--------+

Top non-repeatable levels by time:
     D:7: 1312 daAuts
     D:6: 1251 daAuts
     D:2: 1196 daAuts
     D:5: 1121 daAuts
     D:4: 946 daAuts
     D:1: 894 daAuts
     D:8: 776 daAuts
     D:3: 676 daAuts
     D:9: 571 daAuts
  Temple: 1 daAuts
